 Dungeon Crawl Stone Soup version 0.31-a0-18-gea43df2a32 (webtiles) character file.

Game seed: 7279537397982986415

756 Spaghettislim the Magician (level 7, -4/48 HPs)
             Began as a Demonspawn Hedge Wizard on May 9, 2023.
             Was an Initiate of Sif Muna.
             Slain by an orc
             ... wielding a +0 trident
              (5 damage)
             ... on level 6 of the Dungeon on May 13, 2023.
             The game lasted 00:31:03 (5307 turns).

Spaghettislim the Magician (DsHW)                   Turns: 5307, Time: 00:31:03

Health: -4/48      AC:  7    Str: 10    XL:     7   Next: 50%
Magic:  14/14      EV: 12    Int: 20    God:    Sif Muna [......]
Gold:   242        SH:  0    Dex: 15    Spells: 4/15 levels left

rFire   . . .        i - +8 falchion of Karma {drain, Int+2 Dex+3}
rCold   . . .        (no shield)
rNeg    + . .        b - +0 robe
rPois   .            c - +0 hat
rElec   .            (no cloak)
rCorr   .            (no gloves)
SInv    +            y - +1 pair of boots
Will    .....        (no amulet)
Stlth   +++          n - ring of positive energy
HPRegen 0.28/turn    w - ring of see invisible
MPRegen 0.14/turn

%: no passive effects
@: no status effects
A: hooves 1, thin metallic scales 2, powered by pain 2, demonic magic 1
a: Renounce Religion


You were on level 6 of the Dungeon.
You worshipped Sif Muna.
Sif Muna was noncommittal.
You visited 1 branch of the dungeon, and saw 6 of its levels.

You collected 242 gold pieces.

Inventory:

Hand Weapons
 i - the +8 falchion of Karma (weapon) {drain, Int+2 Dex+3}
   (You found it on level 4 of the Dungeon)

   Int:       It affects your intelligence (+2).
   Dex:       It affects your dexterity (+3).
 p - the +5 dagger of Causality {spect, Fragile rN+ Will+ Str+2}
   (You found it on level 6 of the Dungeon)

   Str:       It affects your strength (+2).
   rN:        It protects you from negative energy.
   Fragile:   It will be destroyed if unequipped.
   Will:      It increases your willpower.
 s - the +8 spear "Inavyuxi" {freeze, *Corrode Dex+4}
   (You found it on level 6 of the Dungeon)

   Dex:       It affects your dexterity (+4).
   *Corrode:  It may corrode you when you take damage.
Missiles
 e - 5 datura-tipped darts
 k - 11 poisoned darts
Armour
 b - a +0 robe (worn)
 c - a +0 hat (worn)
 y - a +1 pair of boots (worn)
Jewellery
 f - a ring of protection from fire
 n - a ring of positive energy (left hand)
 w - a ring of see invisible (right hand)
Wands
 m - a wand of iceblast (4)
 v - a wand of polymorph (11)
Scrolls
 g - a scroll of enchant weapon
 h - 3 scrolls of identify
Potions
 a - a potion of invisibility {unknown}
 d - a potion of magic
 l - a potion of flight {unknown}
 o - a potion of attraction {unknown}
 r - 2 potions of brilliance
 t - a potion of haste
 u - a potion of might
 x - a potion of heal wounds


   Skills:
 + Level 1.4 Fighting
 - Level 0.4(2.3) Short Blades
 * Level 3.6 Long Blades
 + Level 2.5 Dodging
 * Level 4.2 Stealth
 + Level 4.9 Spellcasting
 + Level 1.6 Conjurations
 + Level 2.2 Hexes
 + Level 1.0 Summonings
 + Level 0.8 Translocations


You had 4 spell levels left.
You knew the following spells:

 Your Spells              Type           Power      Damage    Failure   Level
a - Magic Dart            Conj           44%        1d5       6%          1
b - Slow                  Hex            52%        N/A       4%          1
c - Passwall              Tmut/Erth      3%         N/A       19%         2
d - Tukima's Dance        Hex            13%        N/A       14%         3
e - Poisonous Vapours     Pois/Air       10%        N/A       17%         2
f - Ensorcelled Hibernat  Hex/Ice        18%        N/A       11%         2

Your spell library contained the following spells:

 Spells                   Type           Power      Damage    Failure   Level
 Blink                    Tloc           16%        N/A       12%         2
 Call Imp                 Summ           16%        N/A       12%         2
 Confusing Touch          Hex            13%        N/A       14%         3
 Cigotuvi's Dreadful Rot  Necr/Pois/Air  10%        N/A       17%         2
 Portal Projectile        Hex/Tloc       22%        N/A       19%         3
 Mephitic Cloud           Conj/Pois/Air  7%         N/A       28%         3
 Swiftness                Air            5%         N/A       34%         3
 Vampiric Draining        Necr           4%         2d6       34%         3
 Animate Armour           Summ/Erth      12%        N/A       67%         4
 Olgreb's Toxic Radiance  Pois           5%         N/A       75%         4
 Iskenderun's Battlesphe  Conj           11%        2d7       86%         5
 Arcjolt                  Conj/Air       4%         1d14      92%         5
 Irradiate                Conj/Tmut      4%         3d13      93%         5
 Freezing Cloud           Conj/Ice/Air   3%         6-21      95%         5
 Alistair's Intoxication  Tmut/Pois      3%         N/A       97%         5
 Blade Hands              Tmut           2%         N/A       97%         5
 Summon Cactus Giant      Summ           4%         N/A       100%        6
 Spellforged Servitor     Conj/Summ      5%         N/A       100%        7
 Maxwell's Capacitive Co  Air            2%         ∞         100%        8


Dungeon Overview and Level Annotations

Branches:
Dungeon (6/15)
 Temple: D:4-7

Altars:
Dithmenos
Qazlal
Ru
Sif Muna
Vehumet
Xom

Shops:
D:6 *

Annotations:
D:6 Pikel


Innate Abilities, Weirdness & Mutations

You have large cloven feet.
You are mostly covered in thin metallic scales. (AC +3)
You sometimes gain power by taking damage.
Spells you cast may paralyse adjacent enemies.


Message History

The lemure attacks as you move away! The lemure closely misses you.
An orc priest comes into view. It is wielding a +0 club.
An orc comes into view. It is wielding a +0 trident.
The lemure attacks as you move away! The lemure hits you but does no damage.
An orc comes into view. It is wielding a +0 short sword.
The lemure attacks as you move away! The lemure closely misses you.
An orc comes into view. It is wielding a +0 hand axe.
The orc shouts!
You hear a shout!
The orc moves out of view.
An orc comes into view. It is wielding a +0 short sword.
Pikel is no longer moving slowly.
The orc closely misses you. The orc priest hits you with a +0 club.
The orc priest invokes the aid of Beogh against you.
Pain shoots through your body! The orc barely misses you.
The orc priest attacks as you move away!
The orc priest barely misses you.
The orc shouts!
The orc priest calls down the wrath of Beogh upon you.
Beogh smites you!
The orc hits you from afar with a +0 trident.
The orc priest calls down the wrath of Beogh upon you.
Beogh smites you!
* * * LOW HITPOINT WARNING * * *
As you read the scroll labelled EMILIF QAESI, it crumbles to dust.
It is a scroll of enchant weapon.
You aren't carrying any weapons that can be enchanted.
The lemure hits you but does no damage. The orc hits you but does no damage.
As you read the scroll labelled PERIUH NYAHOL, it crumbles to dust.
Your body is wracked with pain!
* * * LOW HITPOINT WARNING * * *
The orc convulses! x2; The orc priest convulses!
The orc convulses! x2
It was a scroll of torment.
The lemure hits you.
* * * LOW HITPOINT WARNING * * *
The orc closely misses you.
As you read the scroll labelled FOKLAKHL GIXAOGH, it crumbles to dust.
It is a scroll of enchant armour.
Your +0 pair of boots glows green for a moment.
The lemure closely misses you.
The orc hits you from afar with a +0 trident.
You die...

#. ##....###.#.#.##..∩..#
#.
########.#...#.....########
#. #.......##...##.....
#.###.#######8...8# #..##.#
##...## ###.....##### #...#
............# ##...##
.##.<######.# #8...8#
#..###### ####@..##
#..†..#8###8##5o.##8#
#..##..K...5.oo5o.....
#..##.........o.......
#..##.$...............
#..####8###8##...##8##
#.....### ####...# ##
#.#.###.# 8...8# ..###.
#...##


You could see 2 lemures, an orc priest and 4 orcs.

Vanquished Creatures
  Sigmund (D:6)
  A sky beast (D:5)
  A lemure (D:6)
  A bullfrog (D:6)
  A scorpion (D:4)
  A howler monkey (D:4)
  An orc priest (D:6)
  2 iguanas
  2 orc wizards
  A sleepcap (D:4)
  Ijyb (D:4)
  6 adders
  A white imp (D:4)
  An ufetubus (D:5)
  A dart slug (D:4)
  13 orcs
  6 ball pythons
  6 endoplasms
  A giant cockroach (D:3)
  8 goblins
  9 hobgoblins
  2 jackals (D:1)
  7 kobolds
  5 quokkas
  3 bats
  3 frilled lizards
  6 rats
91 creatures vanquished.

Vanquished Creatures (others)
  A dancing weapon (D:5)
  An orc wizard (D:6)
2 creatures vanquished.

Grand Total: 93 creatures vanquished

Notes
Turn   | Place    | Note
-------+----------+-------------------------------------------
     0 | D:1      | Spaghettislim the Demonspawn Hedge Wizard began the quest
                  | for the Orb.
     0 | D:1      | Reached XP level 1. HP: 13/13 MP: 4/4
   234 | D:1      | Gained mutation: Spells you cast may paralyse adjacent
                  | enemies. [demonic ancestry]
   234 | D:1      | Reached XP level 2. HP: 19/19 MP: 4/6
   400 | D:1      | Learned a level 1 spell: Slow
  1302 | D:2      | Reached skill level 1 in Hexes
  1302 | D:2      | Gained mutation: You sometimes gain a little power by
                  | taking damage. [demonic ancestry]
  1302 | D:2      | Reached XP level 3. HP: 24/24 MP: 0/8
  1686 | D:2      | Gained mutation: You have large cloven feet. [demonic
                  | ancestry]
  1686 | D:2      | Reached XP level 4. HP: 31/31 MP: 6/10
  1849 | D:2      | Learned a level 2 spell: Passwall
  1905 | D:2      | Learned a level 3 spell: Tukima's Dance
  2535 | D:3      | Found a faded altar of an unknown god.
  3250 | D:3      | Identified a scroll of acquirement
  3250 | D:3      | Acquired the Elucidation of the Swarm and the Fifth Circle
  3378 | D:4      | Learned a level 2 spell: Poisonous Vapours
  3493 | D:4      | Identified the +8 falchion of Karma {drain, Int+2 Dex+3}
  3645 | D:4      | Noticed Ijyb
  3651 | D:4      | Gained mutation: You are partially covered in thin metallic
                  | scales. (AC +2) [demonic ancestry]
  3651 | D:4      | Reached XP level 5. HP: 23/36 MP: 9/11
  3653 | D:4      | Killed Ijyb
  3736 | D:4      | Reached skill level 1 in Fighting
  3736 | D:4      | Reached skill level 1 in Long Blades
  3778 | D:4      | Upgraded the game from 0.31-a0-16-g6d2539766c to
                  | 0.31-a0-18-gea43df2a32
  3923 | D:4      | Found a shimmering blue altar of Sif Muna.
  3928 | D:4      | Became a worshipper of Sif Muna the Loreminder
  4109 | D:4      | Gained mutation: You are mostly covered in thin metallic
                  | scales. (AC +3) [demonic ancestry]
  4109 | D:4      | Reached XP level 6. HP: 43/43 MP: 11/13
  4194 | D:4      | Got the Handbook of Exhalation and the Spider
  4198 | D:4      | Learned a level 2 spell: Ensorcelled Hibernation
  4464 | D:4      | You fall into a shaft and drop 1 floor!
  4464 | D:5      | Entered Level 5 of the Dungeon
  4464 | D:5      | Found a shadowy altar of Dithmenos.
  4464 | D:5      | Found a radiant altar of Vehumet.
  4464 | D:5      | Found a shimmering altar of Xom.
  4464 | D:5      | Found a stormy altar of Qazlal.
  4464 | D:5      | Found a sacrificial altar of Ru.
  4485 | D:6      | Noticed Sigmund
  4497 | D:6      | Killed Sigmund
  4498 | D:6      | Gained mutation: You sometimes gain power by taking damage.
                  | [demonic ancestry]
  4498 | D:6      | Reached XP level 7. HP: 36/48 MP: 14/14
  4640 | D:6      | Identified the +5 dagger of Causality {spect, Fragile rN+
                  | Will+ Str+2}
  4752 | D:6      | Found Gythugat's Assorted Antiques.
  4791 | D:6      | Identified the +8 spear "Inavyuxi" {freeze, *Corrode Dex+4}
  4984 | D:5      | Noticed Pikel
  5306 | D:6      | HP: 1/48 [lemure[Pikel] (6)]
  5307 | D:6      | Slain by an orc

Illustrated notes

Levels and vault maps discovered:
D:1:      dpeg_arrival_round_c, layout_loops_ring, minmay_split_cup_large
D:2:      minmay_angry_zag, layout_loops_ring, due_unseen_surprise
D:3:      layout_basic, shapermc_ecumenical_altar_starsandcircs,
          minmay_misc_feat_alley
D:4:      layout_basic, mainiacjoe_overflow_brackets, uniq_ijyb
D:5:      layout_basic, nicolae_overflow_hidden_temple,
          minmay_temple_entry_offerings, grunt_ministairs_11,
          minmay_misc_feat_pillars, uniq_pikel, uniq_blork_the_orc,
          uniq_crazy_yiuf_cottage, uniq_edmund
D:6:      layout_loops_ring, serial_shops, nicolae_lakefront_shop,
          corexii_hall_statues_x, uniq_sigmund

Skill      XL: |  1  2  3  4  5  6  7 |
---------------+----------------------+-----
Hexes          | 1 2 |  2.2
Spellcasting   | 4 |  4.9
Stealth        | 2 3 4 |  4.2
Fighting       | 1 |  1.4
Long Blades    | 1 2 3 |  3.6
Dodging        | 2 |  2.5
Short Blades   | |  0.4
Conjurations   | |  1.6
Summonings     | |  1.0
Translocations | |  0.8

Action                     |  1- 3 |  4- 6 |  7- 9 || total
---------------------------+-------+-------+-------++-------
  Melee: Dagger            |    47 |    49 |       ||    96
         Kick              |       |    19 |     8 ||    27
         Falchion          |       |    40 |    58 ||    98
         Punch             |       |     1 |     1 ||     2
   Cast: Magic Dart        |    38 |    33 |       ||    71
         Slow              |    10 |     7 |     2 ||    19
         Passwall          |       |     2 |       ||     2
         Tukima's Dance    |       |       |     2 ||     2
         Ensorcelled Hiber |       |       |     1 ||     1
         Poisonous Vapours |       |       |     1 ||     1
    Use: Potion            |       |     7 |       ||     7
         Scroll            |       |     6 |     3 ||     9
   Stab: Sleeping          |     2 |     5 |     1 ||     8
         Paralysed         |     2 |     4 |     1 ||     7
 Armour: Robe              |    11 |    11 |    29 ||    51
  Dodge: Dodged            |    34 |    56 |    61 ||   151

Table legend: (Time is in decaauts)
 A = Elapsed time spent in this place.
 B = Non-inter-level travel time spent in this place.
 C = Inter-level travel time spent in this place.
 D = Time resting spent in this place.
 E = Time spent auto-exploring this place.
 F = Levels seen in this place.
 G = Mean time per level.
                   A        B        C        D        E       F      G
               +--------+--------+--------+--------+--------+-----+--------+
         Total |   5297 |   5105 |    192 |   1193 |   2205 |   6 |  882.8 |
       Dungeon |   5297 |   5105 |    192 |   1193 |   2205 |   6 |  882.8 |
               +--------+--------+--------+--------+--------+-----+--------+

Top non-repeatable levels by time:
     D:1: 1193 daAuts
     D:4: 1150 daAuts
     D:3: 1100 daAuts
     D:2: 999 daAuts
     D:6: 582 daAuts
     D:5: 271 daAuts
